 Dungeon Crawl Stone Soup version 0.30.1-11-g7821555f0a (webtiles) character file.

Game seed: 8341800352972980190

70 Nonny the Cudgeller (level 4, -4/60 HPs)
             Began as a Minotaur Berserker on Nov 15, 2023.
             Was a Believer of Trog.
             Killed from afar by Natasha (6 damage)
             ... with a magic dart
             ... on level 2 of the Dungeon.
             The game lasted 00:06:03 (1067 turns).

Nonny the Cudgeller (Minotaur Berserker)            Turns: 1067, Time: 00:06:04

Health: -4/60      AC:  7    Str: 24    XL:     4   Next: 3%
Magic:  3/3        EV: 11    Int:  4    God:    Trog [**....]
Gold:   79         SH:  0    Dex:  9    Spells: 3/3 levels left

rFire   . . .        a - +0 mace
rCold   . . .        (no shield)
rNeg    . . .        k - +0 ring mail
rPois   .            (helmet restricted)
rElec   .            (no cloak)
rCorr   .            e - +1 pair of gloves
SInv    .            (no boots)
Will    +....        (no amulet) Stlth
                     b - ring of willpower
HPRegen 0.30/turn    (no ring)
MPRegen 0.08/turn

%: no passive effects
@: berserking, very quick
A: horns 2, retaliatory headbutt
a: Renounce Religion, Berserk, Trog's Hand


You were on level 2 of the Dungeon.
You worshipped Trog.
Trog was pleased with you.
You visited 1 branch of the dungeon, and saw 2 of its levels.

You collected 79 gold pieces.

Inventory:

Hand Weapons
 a - a +0 mace (weapon)
Armour
 e - a +1 pair of gloves (worn)
 k - a +0 ring mail (worn)
Jewellery
 b - a ring of willpower (left hand)
Scrolls
 c - a scroll of identify {unknown}
 f - 3 scrolls of enchant armour
 j - a scroll of poison
 l - 2 scrolls of magic mapping
Potions
 d - a potion of berserk rage {unknown}
 g - a potion of cancellation {unknown}
 h - 2 potions of curing {unknown}
 i - a potion of heal wounds {unknown}


   Skills:
 + Level 4.2 Fighting
 + Level 4.9 Maces & Flails
 + Level 2.8 Armour
 + Level 2.8 Dodging


You had 3 spell levels left.
You didn't know any spells.
Your spell library contained the following spells:

 Spells                   Type           Power      Damage    Failure   Level
 Hailstorm                Conj/Ice       0%         3d3       95%         3
 Ice Form                 Ice/Tmut       0%         N/A       100%        4
 Simulacrum               Ice/Necr       0%         N/A       100%        6


Dungeon Overview and Level Annotations

Branches:
Dungeon (2/15)

Altars:

Annotations:
D:2 Natasha


Innate Abilities, Weirdness & Mutations

You have a pair of horns on your head.
You reflexively headbutt those who attack you in melee.


Message History

Natasha claws you but does no damage.
You hit Natasha. Your headbutt misses Natasha.
Natasha is moderately wounded.
Natasha closely misses you.
The cerulean imp hits you from afar with a +0 spear.
Natasha barely misses you.
You hit Natasha. Your headbutt misses Natasha.
Natasha is moderately wounded.
The cerulean imp misses you. Natasha barely misses you.
You furiously retaliate!
You headbutt Natasha, but do no damage.
The cerulean imp hits you but does no damage.
Natasha howls an incantation.
Natasha's front paws start to glow.
Natasha closely misses you.
You hit Natasha but do no damage.
Natasha is moderately wounded.
Natasha barely misses you. The cerulean imp misses you.
You miss Natasha.
Natasha is moderately wounded.
Natasha casts a spell at you. The magic dart hits you.
The cerulean imp hits you from afar with a +0 spear.
Natasha claws you but does no damage.
You closely miss Natasha.
Natasha is moderately wounded.
Natasha claws you.
The cerulean imp hits you from afar with a +0 spear.
* * * LOW HITPOINT WARNING * * *
Unknown command.
A red film seems to cover your vision as you go berserk!
You feel yourself moving faster!
You feel mighty! Natasha claws you!
* * * LOW HITPOINT WARNING * * *
Natasha claws you.
* * * LOW HITPOINT WARNING * * *
The cerulean imp closely misses you.
You closely miss Natasha. Your headbutt misses Natasha.
Natasha is moderately wounded.
Natasha casts a spell at you. The magic dart hits you.
You die...

#..'.....#..###.####.....
####.....#..###........##
#####.#...............
#.......###.####.####
#........##.####.####
#....................
###.....#.###.......)..
#...†...#....#####.##.#
#.....@h5.....,,.......
#....#.##....##*.#.##.#
#....#.##....# *,#,*#.#
#....#.##....# *,*,,...
#....#.##....# *,*,....
**##.....#,,,###**,*..#..
*,,+.....+,,,,,,,,,...#..
****,,,..#,,,**,**,*,,#..
*,,,,,*,,,**,,,,,,,,,,


You could see Natasha (fast) and a cerulean imp (summoned).

Vanquished Creatures
  Natasha (D:2)
  A worm (D:2)
  3 bats
  10 endoplasms
  2 giant cockroaches (D:1)
  2 goblins (D:1)
  3 hobgoblins (D:1)
  4 kobolds
  A quokka (D:2)
  5 ball pythons
  4 frilled lizards
  3 rats (D:1)
39 creatures vanquished.

Notes
Turn   | Place    | Note
-------+----------+-------------------------------------------
     0 | D:1      | Nonny the Minotaur Berserker began the quest for the Orb.
     0 | D:1      | Reached XP level 1. HP: 19/19 MP: 0/0
     0 | D:1      | Starting vault: Zot-like!
   135 | D:1      | Reached XP level 2. HP: 27/27 MP: 1/1
   389 | D:1      | Reached ** piety under Trog
   418 | D:1      | Floor with statue hallways.
   722 | D:2      | Reached XP level 3. HP: 31/33 MP: 2/2
   767 | D:1      | D:2 uphatch a bit viable for orbrun.
  1005 | D:2      | Noticed Natasha
  1016 | D:2      | Killed Natasha
  1054 | D:2      | Noticed Natasha
  1059 | D:2      | Reached XP level 4. HP: 35/40 MP: 3/3
  1066 | D:2      | HP: 2/60 [Natasha (5)]
  1067 | D:2      | Killed from afar by Natasha

Illustrated notes ######### ##.......## ##.........## .#.....8.....## ....8..8..8.... #.......$...# #....@....# ##.......## ######### Turn 0 on D:1: Starting vault: Zot-like! ## ### #8###8###8## #.# ...........## #.#.# .......@...8# #.#.# ............## #.#.# .##8###8##...# #.#.##.# ####...## #.#.... #8...8# #.#..# ... ##...## #...# ...... #...# #.†.# .......##...## ##†#.# .).....#8...8# Turn 418 on D:1: Floor with statue hallways.

###..........................>#
###.†.#########################.#
............# #...#...#..
............# #.#.#[#.#..
............# #.#.#.#.#..
............###########'#.#.#....
..........................#.#....
>............†............#.#....
................@.........#......
...#####.###..............#.##...
...# #.###..............#......
...# #........##....#.#.#.#....
..## #..#####.##....#.#.#.#)...
..## #..# #.##....#.#.#.#....
...# ##..# #.......'.#.#.#....
...####...# ####....###.#.#.#..
..........########......#.#.#.#..


Turn 767 on D:1: D:2 uphatch a bit viable for orbrun.

Levels and vault maps discovered:
D:1:      dreamdust_arrival_beginning_and_end, layout_basic,
          serial_corexii_hall, corexii_hall_statues_i, corexii_hall_statues_l
D:2:      layout_basic, shapermc_ecumenical_altar_pompeii, uniq_natasha,
          uniq_crazy_yiuf_cottage

Skill      XL: |  1  2 |
---------------+-------+-----
Maces & Flails | 4 |  4.9
Fighting       | 4 |  4.2
Armour         | |  2.8
Dodging        | |  2.8

Action                     |  1- 3 |  4- 6 || total
---------------------------+-------+-------++-------
  Melee: Mace              |    76 |     7 ||    83
         Headbutt          |     9 |       ||     9
 Invoke: Berserk           |       |     1 ||     1
    Use: Scroll            |     3 |       ||     3
 Armour: Animal skin       |    12 |       ||    12
         Ring mail         |     5 |     3 ||     8
  Dodge: Dodged            |    48 |     8 ||    56
